BSA
SEATTLE PIKES @ VISTA PANTHERS
04/22/2027
 
TOP OF THE 1ST
Seattle Pikes batting - Pitching for Vista Panthers : RHP Dale Reese
Pitching: RHP Dale Reese
Batting: RHB Pete Rideout 0-0: Ball
1-0: Ball
2-0: Foul Ball, location: 2F
2-1: Foul Ball, location: 2F
2-2: Foul Ball, location: 2F
2-2: Foul Ball, location: 2F
2-2: Foul Ball, location: 2F
2-2: Ball
3-2: SINGLE (Groundball, 25) (infield hit)
Batting: RHB António Ortega 0-0: Ball
1-0: Called Strike
1-1: Ball
2-1: Called Strike
2-2: TRIPLE (Flyball, 89XD)
Pete Rideout scores
Batting: RHB Randy Sheppard 0-0: Ball
1-0: Fly out, F8 (Flyball, 8LM)
Runner from 3rd tags up, SCORES, throw made
Batting: LHB Richard Hunter 0-0: Ball
1-0: Ball
2-0: Called Strike
2-1: Foul Ball, location: 2F
2-2: Foul Ball, location: 2F
2-2: Fly out, F5 (Popup, 5S)
Batting: RHB Wallace Greene 0-0: Ball
1-0: Called Strike
1-1: Foul Ball, location: 2F
1-2: Strikes out looking
Top of the 1st over - 2 run(s), 2 hit(s), 0 error(s), 0 left on base; Seattle 2 - Vista 0
BOTTOM OF THE 1ST
Vista Panthers batting - Pitching for Seattle Pikes : RHP José Salinas
Pitching: RHP José Salinas
Batting: LHB Bob Cunningham 0-0: Fly out, F6 (Line Drive, 6)
Batting: RHB Roberto Cruz 0-0: Called Strike
0-1: Ball
1-1: Ground out 5-3 (Groundball, 56S)
Batting: LHB Donovan Bird 0-0: Ball
1-0: Called Strike
1-1: Ball
2-1: Ball
3-1: Fly out, F9 (Flyball, 9S)
Bottom of the 1st over - 0 run(s), 0 hit(s), 0 error(s), 0 left on base; Seattle 2 - Vista 0
TOP OF THE 2ND
Seattle Pikes batting - Pitching for Vista Panthers : RHP Dale Reese
Batting: RHB Eugene Gill 0-0: Called Strike
0-1: Ball
1-1: Called Strike
1-2: Strikes out swinging
Batting: RHB Iván Gonzáles 0-0: Ball
1-0: DOUBLE (Flyball, 9D)
Batting: LHB Keith Tillman 0-0: Fly out, F9 (Flyball, 89S)
Batting: LHB Jesús Núńez 0-0: Reached on error, E6 (Groundball, 6)
Iván Gonzáles scores
Batting: RHB Pete Rideout 0-0: Called Strike
0-1: Ball
1-1: Ground out 6-3 (Groundball, 6)
Top of the 2nd over - 1 run(s), 1 hit(s), 1 error(s), 1 left on base; Seattle 3 - Vista 0
BOTTOM OF THE 2ND
Vista Panthers batting - Pitching for Seattle Pikes : RHP José Salinas
Batting: SHB Mark Wells 0-0: Ball
1-0: Foul Ball, location: 2F
1-1: Ground out 2-3 (Groundball, 15S)
Batting: RHB John Mendelson 0-0: DOUBLE (Line Drive, 7LM)
Batting: LHB Brent Alonzo 0-0: Foul Ball, location: 2F
0-1: Ball
1-1: Called Strike
1-2: Ball
2-2: Ground out 6-3 (Groundball, 6)
John Mendelson to third
Batting: LHB Francisco Marino 0-0: Swinging Strike
0-1: Called Strike
0-2: Ball
1-2: SINGLE (Line Drive, 9S)
John Mendelson scores
Batting: LHB Greg Schultz 0-0: Ball
Francisco Marino is caught stealing 2nd base
Bottom of the 2nd over - 1 run(s), 2 hit(s), 0 error(s), 0 left on base; Seattle 3 - Vista 1
TOP OF THE 3RD
Seattle Pikes batting - Pitching for Vista Panthers : RHP Dale Reese
Batting: RHB António Ortega 0-0: Fly out, F7 (Flyball, 7)
Batting: RHB Randy Sheppard 0-0: Fly out, F6 (Line Drive, 6MD)
Batting: LHB Richard Hunter 0-0: Foul Ball, location: 2F
0-1: Ball
1-1: Swinging Strike
1-2: Foul Ball, location: 2F
1-2: Foul Ball, location: 2F
1-2: Ball
2-2: Fly out, F4 (Popup, 3D)
Top of the 3rd over - 0 run(s), 0 hit(s), 0 error(s), 0 left on base; Seattle 3 - Vista 1
BOTTOM OF THE 3RD
Vista Panthers batting - Pitching for Seattle Pikes : RHP José Salinas
Batting: LHB Greg Schultz 0-0: Ball
1-0: Ground out 4-3 (Groundball, 4)
Batting: RHB Justin Burgess 0-0: Ball
1-0: Ball
2-0: Swinging Strike
2-1: Foul Ball, location: 2F
2-2: Ball
3-2: Foul Ball, location: 2F
3-2: Base on Balls
Batting: LHB Bob Cunningham 0-0: Foul Ball, location: 2F
0-1: Foul Ball, location: 2F
0-2: SINGLE (Line Drive, 6M)
Justin Burgess to second
Batting: RHB Roberto Cruz 0-0: Ball
1-0: Ground out 5-3 (Groundball, 56S)
Justin Burgess to third
Bob Cunningham to second
Batting: LHB Donovan Bird 0-0: Called Strike
0-1: Swinging Strike
0-2: Ball
1-2: Ball
2-2: Foul Ball, location: 2F
2-2: Fly out, F6 (Line Drive, 6)
Bottom of the 3rd over - 0 run(s), 1 hit(s), 0 error(s), 2 left on base; Seattle 3 - Vista 1
TOP OF THE 4TH
Seattle Pikes batting - Pitching for Vista Panthers : RHP Dale Reese
Batting: RHB Wallace Greene 0-0: Called Strike
0-1: Foul Ball, location: 2F
0-2: Ball
1-2: SINGLE (Flyball, 9LS)
Batting: RHB Eugene Gill 0-0: Ball
1-0: Ball
2-0: Foul Ball, location: 2F
2-1: Called Strike
2-2: DOUBLE (Line Drive, 9LM)
Wallace Greene to third
Runner from 3rd tries for Home, SAFE, no throw
Batting: RHB Iván Gonzáles 0-0: Fly out, F9 (Flyball, 9D)
Runner from 2nd tags up, SAFE at 3rd, no throw
Batting: LHB Keith Tillman 0-0: Called Strike
0-1: Ball
1-1: Swinging Strike
1-2: Fly out, F8 (Flyball, 8RS)
Batting: LHB Jesús Núńez 0-0: Ball
1-0: Fly out, F5 (Line Drive, 5)
Top of the 4th over - 1 run(s), 2 hit(s), 0 error(s), 1 left on base; Seattle 4 - Vista 1
BOTTOM OF THE 4TH
Vista Panthers batting - Pitching for Seattle Pikes : RHP José Salinas
Batting: SHB Mark Wells 0-0: Foul Ball, location: 2F
0-1: Called Strike
0-2: SOLO HOME RUN (Flyball, 89XD), Distance : 404 ft
Batting: RHB John Mendelson 0-0: Fly out, F8 (Flyball, 8RM)
Batting: LHB Brent Alonzo 0-0: Called Strike
0-1: Ball
1-1: Swinging Strike
1-2: Fly out, F7 (Flyball, 7)
Batting: LHB Francisco Marino 0-0: Called Strike
0-1: Ground out 4-3 (Groundball, 4M)
Bottom of the 4th over - 1 run(s), 1 hit(s), 0 error(s), 0 left on base; Seattle 4 - Vista 2
TOP OF THE 5TH
Seattle Pikes batting - Pitching for Vista Panthers : RHP Dale Reese
Batting: RHB Pete Rideout 0-0: Ball
1-0: Ball
2-0: Called Strike
2-1: Swinging Strike
2-2: Ball
3-2: Ground out 5-3 (Groundball, 5L)
Batting: RHB António Ortega 0-0: Ball
1-0: Called Strike
1-1: Swinging Strike
1-2: Ball
2-2: Strikes out swinging
Batting: RHB Randy Sheppard 0-0: Ball
1-0: Foul Ball, location: 2F
1-1: Foul Ball, location: 2F
1-2: Ball
2-2: Ground out 5-3 (Groundball, 5)
Top of the 5th over - 0 run(s), 0 hit(s), 0 error(s), 0 left on base; Seattle 4 - Vista 2
BOTTOM OF THE 5TH
Vista Panthers batting - Pitching for Seattle Pikes : RHP José Salinas
Batting: LHB Greg Schultz 0-0: Ball
1-0: Foul Ball, location: 2F
1-1: Foul Ball, location: 2F
1-2: Foul Ball, location: 2F
1-2: SINGLE (Groundball, 4D)
Batting: RHB Justin Burgess 0-0: Ball
1-0: Ball
2-0: Ball
3-0: Called Strike
3-1: Foul Ball, location: 2F
3-2: Fly out, F6 (Line Drive, 6)
Batting: LHB Bob Cunningham 0-0: Called Strike
0-1: SINGLE (Groundball, 34D)
Greg Schultz to second
Runner from 2nd tries for 3rd, SAFE, throw made to third
Bob Cunningham to second
Batting: RHB Roberto Cruz 0-0: Swinging Strike
0-1: Ball
1-1: Ball
2-1: Ball
3-1: Base on Balls
Batting: LHB Donovan Bird 0-0: Foul Ball, location: 2F
0-1: Foul Ball, location: 2F
0-2: SINGLE (Line Drive, 4MD)
Greg Schultz scores
Bob Cunningham to third
Roberto Cruz to second
Batting: SHB Mark Wells 0-0: Grounds into double play, 5-2-3 (Groundball, 56)
Bottom of the 5th over - 1 run(s), 3 hit(s), 0 error(s), 2 left on base; Seattle 4 - Vista 3
TOP OF THE 6TH
Seattle Pikes batting - Pitching for Vista Panthers : RHP Dale Reese
Batting: LHB Richard Hunter 0-0: Called Strike
0-1: Foul Ball, location: 2F
0-2: Ball
1-2: Strikes out swinging
Batting: RHB Wallace Greene 0-0: Called Strike
0-1: SOLO HOME RUN (Flyball, 78XD), Distance : 439 ft
Pitching: RHP José Betancourt
Batting: RHB Eugene Gill 0-0: Ground out 4-3 (Groundball, 4M)
Batting: RHB Iván Gonzáles 0-0: Fly out, F8 (Flyball, 89XD)
Top of the 6th over - 1 run(s), 1 hit(s), 0 error(s), 0 left on base; Seattle 5 - Vista 3
BOTTOM OF THE 6TH
Vista Panthers batting - Pitching for Seattle Pikes : RHP José Salinas
Batting: RHB John Mendelson 0-0: Ground out 5-3 (Groundball, 56)
Batting: LHB Brent Alonzo 0-0: Ball
1-0: Called Strike
1-1: Ball
2-1: Ground out 4-3 (Groundball, 4)
Batting: LHB Francisco Marino 0-0: Ball
1-0: Fly out, F2 (Popup, 2L)
Bottom of the 6th over - 0 run(s), 0 hit(s), 0 error(s), 0 left on base; Seattle 5 - Vista 3
TOP OF THE 7TH
Seattle Pikes batting - Pitching for Vista Panthers : RHP José Betancourt
Batting: LHB Keith Tillman 0-0: Called Strike
0-1: Swinging Strike
0-2: Ball
1-2: Fly out, F8 (Flyball, 89D)
Batting: LHB Jesús Núńez 0-0: Ball
1-0: Called Strike
1-1: Ground out U3 (Groundball, 34S)
Batting: RHB Pete Rideout 0-0: Called Strike
0-1: Ground out 6-3 (Groundball, 6)
Top of the 7th over - 0 run(s), 0 hit(s), 0 error(s), 0 left on base; Seattle 5 - Vista 3
BOTTOM OF THE 7TH
Vista Panthers batting - Pitching for Seattle Pikes : RHP José Salinas
Batting: LHB Greg Schultz 0-0: Called Strike
0-1: Ground out 6-3 (Groundball, 6)
Batting: RHB Justin Burgess 0-0: Ball
1-0: Called Strike
1-1: Called Strike
1-2: Ball
2-2: Fly out, F8 (Flyball, 8RS)
Batting: LHB Bob Cunningham 0-0: Ball
1-0: Foul Ball, location: 2F
1-1: Ground out 4-3 (Groundball, 4D)
Bottom of the 7th over - 0 run(s), 0 hit(s), 0 error(s), 0 left on base; Seattle 5 - Vista 3
TOP OF THE 8TH
Seattle Pikes batting - Pitching for Vista Panthers : RHP José Betancourt
Batting: RHB António Ortega 0-0: Fly out, F8 (Flyball, 8LD)
Batting: RHB Randy Sheppard 0-0: Ball
1-0: Swinging Strike
1-1: Swinging Strike
1-2: Ball
2-2: Foul Ball, location: 2F
2-2: Ball
3-2: Foul Ball, location: 2F
3-2: Base on Balls
Pitching: LHP Mario Tobías
Batting: LHB Richard Hunter 0-0: Ball
1-0: Called Strike
1-1: Ball
2-1: Ball
3-1: Grounds into double play, 4-6-3 (Groundball, 4)
Top of the 8th over - 0 run(s), 0 hit(s), 0 error(s), 0 left on base; Seattle 5 - Vista 3
BOTTOM OF THE 8TH
Vista Panthers batting - Pitching for Seattle Pikes : RHP José Salinas
Batting: RHB Roberto Cruz 0-0: Ball
1-0: Ball
2-0: Called Strike
2-1: Called Strike
2-2: Foul Ball, location: 2F
2-2: Fly out, F9 (Flyball, 89D)
Batting: LHB Donovan Bird 0-0: Called Strike
0-1: Ball
1-1: Ball
2-1: Foul Ball, location: 2F
2-2: Foul Ball, location: 2F
2-2: SINGLE (Groundball, 4MD)
Pitching: LHP Manny Sandoval
Batting: SHB Mark Wells 0-0: Called Strike
0-1: Foul Ball, location: 2F
0-2: Ball
1-2: Strikes out looking
Pitching: RHP Orlando Ojeda
Batting: RHB John Mendelson 0-0: Called Strike
0-1: Ball
1-1: Swinging Strike
1-2: Ball
2-2: Strikes out looking
Bottom of the 8th over - 0 run(s), 1 hit(s), 0 error(s), 1 left on base; Seattle 5 - Vista 3
TOP OF THE 9TH
Seattle Pikes batting - Pitching for Vista Panthers : LHP Mario Tobías
Pitching: RHP António López
Batting: RHB Wallace Greene 0-0: Ball
1-0: Foul Ball, location: 2F
1-1: Ball
2-1: Fly out, F9 (Flyball, 9D)
Batting: RHB Eugene Gill 0-0: Ball
1-0: Ball
2-0: Ball
3-0: Called Strike
3-1: DOUBLE (Groundball, 5L)
Batting: RHB Iván Gonzáles 0-0: Fly out, F7 (Flyball, 7D)
Batting: LHB Keith Tillman 0-0: Ground out 6-3 (Groundball, 6)
Top of the 9th over - 0 run(s), 1 hit(s), 0 error(s), 1 left on base; Seattle 5 - Vista 3
BOTTOM OF THE 9TH
Vista Panthers batting - Pitching for Seattle Pikes : RHP Orlando Ojeda
Pitching: LHP Cristián Escobar
Batting: LHB Brent Alonzo 0-0: Foul Ball, location: 2F
0-1: Foul Ball, location: 2F
0-2: Ball
1-2: Ball
2-2: Ground out 4-3 (Groundball, 4)
Batting: LHB Francisco Marino 0-0: Ball
1-0: Ball
2-0: Fly out, F9 (Flyball, 9D)
Batting: LHB Greg Schultz 0-0: Ball
1-0: Ball
2-0: Swinging Strike
2-1: Swinging Strike
2-2: Ground out 4-3 (Groundball, 4)
Bottom of the 9th over - 0 run(s), 0 hit(s), 0 error(s), 0 left on base; Seattle 5 - Vista 3
Thursday, March 30th, 2017 - OOTP Baseball 17.12 Build 75